 Dungeon Crawl Stone Soup version 0.25-a0-661-g55ea3d2053 (webtiles) character file.

Game seed: 16923448795952719830, levelgen mode: deterministic

903 ipx the Cudgeler (level 8, -1/43 HPs)
             Began as a Gargoyle Arcane Marksman on Mar 23, 2020.
             Was a Follower of Okawaru.
             Slain by Maggie
             ... wielding a +0 war axe of distortion
              (5 damage)
             ... on level 7 of the Dungeon.
             The game lasted 00:35:56 (2479 turns).

ipx the Cudgeler (Gargoyle Arcane Marksman)         Turns: 2479, Time: 00:35:57

Health: -1/43      AC: 11    Str: 14    XL:     8   Next: 7%
Magic:  10/11      EV: 10    Int: 14    God:    Okawaru [*.....]
Gold:   205        SH:  0    Dex: 12    Spells: 4/11 levels left

rFire    . . .     SeeInvis .   a - +1 mace
rCold    . . .     Gourm    .   (no shield)
rNeg     + + .     Faith    .   h - +0 ring mail
rPois    ∞         Spirit   .   t - +0 helmet
rElec    +         Reflect  .   p - -1 cloak
rCorr    .         Harm     .   (no gloves)
MR       .....                  (no boots)
Stlth    +.........             (no amulet)
HPRegen  0.14/turn              e - ring of positive energy
MPRegen  0.12/turn              (no ring)

@: mighty, about to teleport
A: negative energy resistance 1, electricity resistance, unbreathing,
petrification resistance, rot immunity, AC +5
a: Heroism, Renounce Religion


You were on level 7 of the Dungeon.
You worshipped Okawaru.
Okawaru was aware of your devotion.
You were not hungry.

You visited 2 branches of the dungeon, and saw 8 of its levels.
You also visited: Sewer.

You collected 205 gold pieces.

Inventory:

Hand Weapons
 a - a +1 mace (weapon)
 o - a +0 whip
Missiles
 w - 9 boomerangs (quivered)
 z - 4 poisoned darts
Armour
 h - a +0 ring mail (worn)
 p - a -1 cloak (worn)
 t - a +0 helmet (worn)
 v - a +0 robe
 D - a +0 pair of boots
Jewellery
 e - a ring of positive energy (left hand)
Wands
 A - a wand of iceblast (8)
Scrolls
 g - a scroll of amnesia {unknown}
 k - a scroll of vulnerability {unknown}
 n - 2 scrolls of enchant armour
 r - 3 scrolls of fog
 y - a scroll of remove curse
 B - 3 scrolls of blinking
 E - a scroll of teleportation {unknown}
Potions
 b - a potion of cancellation {unknown}
 i - a potion of might
 j - 2 potions of heal wounds {unknown}
 l - a potion of degeneration {unknown}
 m - a potion of invisibility {unknown}
 q - 4 potions of flight
 s - a potion of berserk rage {unknown}
 u - a potion of lignification {unknown}
 x - 3 potions of curing
 C - a potion of brilliance {unknown}
Comestibles
 f - 12 rations


   Skills:
 - Level 1.1 Fighting
 * Level 5.3 Maces & Flails
 - Level 4.0 Throwing
 - Level 1.5 Dodging
 - Level 2.0 Spellcasting
 + Level 4.7 Hexes
 + Level 2.0 Invocations
 + Level 1.4 Evocations


You had 4 spell levels left.
You knew the following spells:

 Your Spells              Type           Power        Failure   Level  Hunger
a - Cause Fear            Hex            ##........   56%         4    #####..
c - Corona                Hex            ##.....      7%          1    ##.....
s - Slow                  Hex            ##......     11%         2    ###....

Your spell library contained the following spells:

 Spells                   Type           Power        Failure   Level  Hunger
 Inner Flame              Hex/Fire       #.......     50%         3    ####...
 Portal Projectile        Hex/Tloc       #.....       50%         3    ####...
 Leda's Liquefaction      Hex/Erth       #.........   88%         4    #####..


Dungeon Overview and Level Annotations

Branches:
Dungeon (7/15)             Temple (1/1) D:4           Sewer (visited)

Altars:
Ashenzari
Cheibriados
Gozag
Okawaru
Wu Jian
Yredelemnul
Zin

Annotations:
D:7 Maggie


Innate Abilities, Weirdness & Mutations

You are resistant to torment.
Your stone body is resilient. (AC +5)
You are immune to poison.
You resist negative energy. (rN+)
You are resistant to electric shocks. (rElec)
You can survive without breathing.
You are immune to petrification.
You are immune to rotting.


Message History

Evoke which item? (* to show all) (? for menu, Esc to quit)
Aiming: Iceblast
Press: ? - help, Shift-Dir - straight line, f/p - Maggie
Aim: Maggie, wielding a +0 war axe of distortion and wearing +0 acid dragon scales The mass of ice explodes!
The iceblast engulfs Maggie!
Maggie is moderately wounded.
You hear an angry hiss.
The phantom misses you.
You sock Maggie!
Maggie is heavily wounded.
Maggie smiles, but it's obviously fake.
Maggie hits you with a +0 war axe of distortion.
* * * LOW HITPOINT WARNING * * *
You feel strangely unstable.
The phantom hits you but does no damage.
Your magical contamination has completely faded away.
You sock Maggie!
Maggie is severely wounded.
Maggie hits you but does no damage. Space bends around you.
You die...

#.# #.# ####.#
....# ...# ..#
#W# #...#@#
#.Y.#@# #...#)#
#...#.#
#...#...#(#
#...#..o#(######
#...#...#......#
#...#.....####§#
#...#.....# #.#


You could see Maggie and a phantom.

Vanquished Creatures
  An ice beast (D:7)
  A phantom (D:6)
  A big kobold (Sewer)
  2 scorpions
  A howler monkey (D:5)
  A crimson imp (D:6)
  A hound (D:5)
  4 worker ants
  An iguana (D:6)
  4 orc wizards
  A hound skeleton (D:4)
  4 gnolls (D:4)
  2 adders (D:4)
  A river rat (Sewer)
  2 shadow imps
  An adder zombie (D:5)
  An adder skeleton (D:4)
  A worm (D:5)
  10 leopard geckos
  14 orcs
  7 giant cockroaches
  5 goblins
  4 hobgoblins
  15 jackals
  8 kobolds
  5 quokkas
  2 ball pythons
  3 bats
  3 frilled lizards
  A leopard gecko skeleton (D:5)
  10 rats
117 creatures vanquished.

Notes
Turn   | Place    | Note
-------+----------+-------------------------------------------
     0 | D:1      | ipx the Gargoyle Arcane Marksman began the quest for the
                  | Orb.
     0 | D:1      | Reached XP level 1. HP: 12/12 MP: 2/2
   373 | D:1      | Reached XP level 2. HP: 14/16 MP: 1/3
   377 | D:1      | Learned a level 2 spell: Slow
   531 | D:2      | Found a shattered altar of Ashenzari.
   665 | D:2      | Reached XP level 3. HP: 20/20 MP: 1/4
  1106 | D:3      | Reached skill level 1 in Maces & Flails
  1134 | D:3      | Found a glowing drain.
  1167 | Sewer    | Entered a sewer
  1178 | Sewer    | Reached XP level 4. HP: 5/25 MP: 1/5
  1260 | Sewer    | Noticed a big kobold
  1283 | Sewer    | Killed a big kobold
  1283 | Sewer    | Reached skill level 2 in Maces & Flails
  1283 | Sewer    | Reached XP level 5. HP: 9/29 MP: 1/6
  1347 | Sewer    | Found a glowing silver altar of Zin.
  1585 | D:4      | Found a staircase to the Ecumenical Temple.
  1593 | Temple   | Entered the Ecumenical Temple
  1602 | Temple   | Became a worshipper of Warmaster Okawaru
  1665 | D:4      | Reached skill level 3 in Maces & Flails
  1709 | D:4      | Reached XP level 6. HP: 19/34 MP: 4/7
  1742 | D:4      | Learned a level 4 spell: Cause Fear
  1888 | D:5      | Entered Level 5 of the Dungeon
  1978 | D:5      | Reached * piety under Okawaru
  1978 | D:5      | Reached skill level 4 in Maces & Flails
  1978 | D:5      | Reached XP level 7. HP: 37/38 MP: 7/9
  2292 | D:6      | Reached skill level 1 in Invocations
  2353 | D:6      | Reached skill level 5 in Maces & Flails
  2353 | D:6      | Reached skill level 1 in Evocations
  2428 | D:7      | Noticed Maggie
  2475 | D:7      | Reached XP level 8. HP: 9/43 MP: 9/11
  2479 | D:7      | Slain by Maggie

Levels and vault maps discovered:
D:1:      ebering_hopf_link, layout_basic
D:2:      layout_loops_ring, evilmike_ruin_ashenzari, kennysheep_generic_room_13
D:3:      layout_basic, first_ration, gup_sewer_entry_pipe
D:4:      cheibrodos_barr_body, layout_rooms,
          minmay_temple_entry_statues_pillars, serial_bayou_lake_a
D:5:      layout_rooms, corexii_checkpoint_a
D:6:      layout_loops_ring, solitary_fountain
D:7:      minmay_klotski, layout_basic, uniq_harold, uniq_maggie, uniq_duvessa
Temple:   grunt_wide_crystal_templ

Skill      XL: |  1  2  3  4  5  6  7 |
---------------+----------------------+-----
Throwing       | 2 3 4 |  4.0
Hexes          | 3 4 |  4.7
Maces & Flails | 1 2 3 4 5 |  5.3
Spellcasting   | 2 |  2.0
Invocations    | 2 |  2.0
Evocations     | 1 |  1.4
Fighting       | |  1.1
Dodging        | |  1.5

Action                   |  1- 3 |  4- 6 |  7- 9 || total
-------------------------+-------+-------+-------++-------
Melee: Unarmed           |    66 |       |       ||    66
       Whip              |    39 |       |       ||    39
       Mace              |    24 |   106 |   116 ||   246
Throw: Javelin           |    18 |    19 |     8 ||    45
       Dart              |    29 |    20 |    14 ||    63
       Throwing net      |       |     2 |     1 ||     3
       Boomerang         |       |    16 |    22 ||    38
 Cast: Corona            |    37 |    21 |    10 ||    68
       Slow              |     2 |     3 |       ||     5
Invok: Heroism           |       |       |     1 ||     1
Evoke: Wand              |       |       |     2 ||     2
  Use: Potion            |     1 |     1 |     1 ||     3
       Scroll            |       |     5 |     3 ||     8
  Eat: Chunk             |     3 |     4 |     3 ||    10
Armor: Ring mail         |    68 |    63 |    63 ||   194
Dodge: Dodged            |    86 |    78 |    71 ||   235

Table legend:
 A = Non-vault XP
 B = Vault XP
 C = Vault XP percentage of total XP
 D = Non-vault monster count
 E = Vault monster count
 F = Vault count percentage of total count
                 A         B        C        D         E       F
            +---------+---------+-------+---------+---------+-------
      Total |    1035 |     256 |  19.8 |      88 |      29 |  24.8
            +---------+---------+-------+---------+---------+-------
        D:1 |      13 |       0 |   0.0 |       8 |       0 |   0.0
        D:2 |      27 |       3 |  10.0 |      16 |       1 |   5.9
        D:3 |     104 |      18 |  14.8 |      18 |       7 |  28.0
        D:4 |     146 |     116 |  44.3 |      12 |      10 |  45.5
        D:5 |     211 |       4 |   1.9 |      15 |       2 |  11.8
        D:6 |     356 |       0 |   0.0 |      15 |       0 |   0.0
        D:7 |     178 |       0 |   0.0 |       4 |       0 |   0.0
      Sewer |       0 |     115 | 100.0 |       0 |       9 | 100.0
            +---------+---------+-------+---------+---------+-------
